 Dungeon Crawl Stone Soup version 0.28-a0-1493-g08698888e4 (webtiles) character file.

Game seed: 1037775942259209592

3846 ders the Fighter (level 9, -5/89 HPs)
             Began as a Minotaur Fighter on Jan 12, 2022.
             Was a Believer of Ashenzari.
             Slain by an orc knight (18 damage)
             ... in a bailey.
             The game lasted 00:10:29 (7196 turns).

ders the Fighter (Minotaur Fighter)                 Turns: 7196, Time: 00:10:29

Health: -5/89      AC: 13    Str: 25    XL:     9   Next: 98%
Magic:  17/17      EV:  9    Int:  5    God:    Ashenzari [**....]
Gold:   378        SH:  6    Dex: 10    Spells: 8/8 levels left

rFire   + + .      SeeInvis +   a - +0 war axe "Circumscribed With Me" {Fort, Elem} (curse)
rCold   + . .      Faith    .   c - +0 buckler
rNeg    . . .      Spirit   .   u - +3 scale mail "Oblivion of the Ether" {rF+, Fort, Bglg} (curse)
rPois   .          Reflect  .   (helmet restricted)
rElec   .          Harm     .   y - scarf of Desmomancy {rC+ rF+, Alch, Melee} (curse)
rCorr   .          Rampage  .   m - +1 pair of gloves of Ashenzari's Moon {Evo, Self} (curse)
Will    .....                   (no boots)
Stlth   ..........              (no amulet)
HPRegen 0.24/turn               f - ring of magical power
MPRegen 0.15/turn               (no ring)

@: invisible
A: horns 2, retaliatory headbutt
a: Renounce Religion, Curse Item, Shatter the Chains


You were in a bailey.
You worshipped Ashenzari.
Ashenzari was pleased with you.
You visited 1 branch of the dungeon, and saw 7 of its levels.
You also visited: Bailey.

You collected 378 gold pieces.

Inventory:

Hand Weapons
 a - the cursed +0 war axe "Circumscribed With Me" (weapon) {Fort, Elem}

   It has a curse which improves the following skills: Fortitude: Armour and
   Shields.
   Elements:  Fire Magic, Ice Magic, Air Magic and Earth Magic.
 A - a +3 arbalest
Armour
 c - a +0 buckler (worn)
 m - the cursed +1 pair of gloves of Ashenzari's Moon (worn) {Evo, Self}
   (You found it on level 2 of the Dungeon)

   It has a curse which improves the following skills: Evocations: Evocations.
   Introspection: Fighting and Spellcasting.
 u - the cursed +3 scale mail "Oblivion of the Ether" (worn) {rF+, Fort, Bglg}
   (You took it off Edmund on level 5 of the Dungeon)

   It has a curse which improves the following skills: Fortitude: Armour and
   Shields.
   Beguiling: Conjurations, Hexes and Translocations.
 y - the cursed scarf of Desmomancy (worn) {rC+ rF+, Alch, Melee}
   (You found it on level 6 of the Dungeon)

   It has a curse which improves the following skills: Alchemy: Poison Magic and
   Transmutations.
   Melee Combat: Short Blades, Long Blades, Axes, Maces & Flails, Polearms,
   Staves and Unarmed Combat.
Jewellery
 f - a ring of magical power (left hand)
Wands
 b - a wand of iceblast (11)
 t - a wand of acid (3)
 w - a wand of polymorph (2)
Scrolls
 e - 3 scrolls of amnesia
 h - 5 scrolls of identify
 j - 2 scrolls of magic mapping
 l - a scroll of fog
 o - a scroll of blinking
 p - a scroll of immolation
 s - 4 scrolls of teleportation
 v - a scroll of brand weapon
Potions
 d - 2 potions of mutation
 i - a potion of heal wounds
 k - 4 potions of curing
 n - a potion of magic
 q - a potion of brilliance
 r - 2 potions of lignification
 x - 2 potions of cancellation
 z - a potion of flight


   Skills:
 * Level 10.4(11.6) Fighting
 * Level 10.1(11.3) Axes
 + Level 6.9(8.9) Armour
 + Level 7.8(9.8) Shields
 + Level 3.3(4.4) Evocations


You had 8 spell levels left.
You didn't know any spells.
Your spell library contained the following spells:

 Spells                   Type           Power      Damage    Failure   Level
 Apportation              Tloc           0%         N/A       77%         1
 Foxfire                  Conj/Fire      0%         2x1d4     77%         1
 Magic Dart               Conj           0%         1d3       77%         1
 Call Imp                 Summ           0%         N/A       90%         2
 Mephitic Cloud           Conj/Pois/Air  0%         N/A       98%         3
 Ozocubu's Armour         Ice            0%         N/A       98%         3
 Portal Projectile        Hex/Tloc       0%         N/A       98%         3
 Call Canine Familiar     Summ           0%         N/A       99%         3
 Leda's Liquefaction      Hex/Erth       0%         N/A       100%        4
 Alistair's Intoxication  Tmut/Pois      0%         N/A       100%        5
 Ozocubu's Refrigeration  Ice            0%         4d5       100%        7


Dungeon Overview and Level Annotations

Branches:
Dungeon (7/15)             Temple (0/1) D:7          Bailey (1/1)

Altars:
Ashenzari
Trog


Innate Abilities, Weirdness & Mutations

You have a pair of horns on your head.
You reflexively headbutt those who attack you in melee.


Message History

Aim: an orc warrior, wielding a +0 glaive and wearing a +0 plate armour (almost dead, strong) That beam is likely to hit you.
Continue anyway?
The mass of ice explodes!
The iceblast engulfs the orc warrior!
You kill the orc warrior!
The iceblast engulfs you. You partially resist.
The iceblast engulfs the orc knight!
The orc knight is severely wounded.
The iceblast engulfs the orc warrior!
You kill the orc warrior!
The iceblast engulfs the orc knight!!
The orc knight is heavily wounded.
You catch the helpless orc knight completely off-guard!
You slash the orc knight!
The orc knight is severely wounded.
The orc knight barely misses you.
You strike the helpless orc knight from behind!
You hit the orc knight.
The orc knight is severely wounded.
The orc knight roars a battlecry!
The orc knight goes into a battle-frenzy!
You strike the helpless orc knight from behind!
You slash the orc knight!
The orc knight is severely wounded.
You slash the orc knight!
The orc knight is almost dead.
The orc knight hits you with a +0 halberd!!
You slice the orc knight!!
You kill the orc knight!
You catch the helpless orc knight completely off-guard!
You hit the orc knight.
The orc knight hits you with a +0 trident.
Your base Axes skill increases to level 10!
You barely miss the orc knight. You headbutt the orc knight!
The orc knight is almost dead.
The orc knight hits you with a +0 trident!!
* * * LOW HITPOINT WARNING * * *
You barely miss the orc knight.
The orc knight is almost dead.
The orc knight hits you with a +0 trident!!
You die...

..≈≈###≈≈...............≈≈###≈≈..
..≈##.##≈...............≈##.##≈..
..≈#..)).....................#≈..
..≈##.∩#≈...............≈#∩.##≈..
..≈≈#.##≈....#######....≈##)#≈≈..
...≈≈.≈≈≈....##....##...≈≈≈.≈≈...
.............##.....##......)....
.............##'''#..##..........
.........##..##∩@∩##..#..........
.........##.####o####.##.........
.........##.'.#...#)'.##.........
.........##.###._.###.##.........
.........##.')#!.:#)'.##.........
.........##.#########.##.........
..........#..##)#)##..#..........
..........##..#'#'#..##..........
...........##.......##..........


You could see an orc knight (strong, corroded).

Vanquished Creatures
  An orc knight (Bailey)
  Sigmund (D:2)
  2 steam dragons
  Edmund (D:5)
  2 ice beasts
  3 necrophages (D:6)
  8 orc warriors (Bailey)
  A sky beast (D:5)
  A black bear (D:4)
  A centaur (D:5)
  2 ogres
  A bullfrog (D:4)
  A wyvern zombie (D:6)
  4 scorpions
  A wyvern skeleton (D:7)
  3 howler monkeys (D:7)
  2 centaur zombies
  A jelly (D:5)
  3 hounds
  3 orc priests
  A bullfrog skeleton (D:6)
  2 centaur skeletons
  2 orc wizards
  2 iguanas (D:5)
  A hound skeleton (D:4)
  3 gnolls (D:7)
  6 adders
  A shadow imp (D:5)
  2 white imps (D:5)
  4 ufetubi
  An adder zombie (D:5)
  3 worms
  30 orcs
  3 endoplasms
  6 giant cockroaches
  7 goblins
  3 hobgoblins
  A jackal (Bailey)
  3 quokkas
  8 ball pythons
  6 bats
  A frilled lizard (D:1)
  4 kobolds
  7 rats
149 creatures vanquished.

Vanquished Creatures (others)
  4 toadstools (D:1)
4 creatures vanquished.

Grand Total: 153 creatures vanquished

Notes
Turn   | Place    | Note
-------+----------+-------------------------------------------
     0 | D:1      | ders the Minotaur Fighter began the quest for the Orb.
     0 | D:1      | Reached XP level 1. HP: 19/19 MP: 0/0
   858 | D:1      | Reached XP level 2. HP: 27/27 MP: 1/1
  1073 | D:2      | Found a broken altar of Ashenzari.
  1226 | D:2      | Became a worshipper of Ashenzari the Shackled
  1332 | D:2      | Noticed Sigmund
  1337 | D:2      | Killed Sigmund
  1338 | D:2      | Reached skill level 5 in Fighting
  1338 | D:2      | Reached XP level 3. HP: 36/36 MP: 2/2
  1338 | D:2      | Reached XP level 4. HP: 42/42 MP: 3/3
  1338 | D:2      | Reached XP level 5. HP: 48/48 MP: 4/4
  1947 | D:3      | Found a faded altar of an unknown god.
  1959 | D:3      | Got Plato's Almanac of Flames
  2019 | D:3      | Reached skill level 5 in Axes
  2214 | D:3      | Reached XP level 6. HP: 57/57 MP: 5/5
  2275 | D:3      | Reached skill level 5 in Shields
  2432 | D:3      | Found a faded altar of an unknown god.
  2528 | D:3      | Found a bloodstained altar of Trog.
  2683 | D:3      | Identified the +8 dagger of Mastery {drain, Dex+3}
  3097 | D:4      | Reached XP level 7. HP: 63/64 MP: 6/6
  3703 | D:4      | Reached * piety under Ashenzari
  3724 | D:5      | Entered Level 5 of the Dungeon
  3886 | D:5      | Reached XP level 8. HP: 71/75 MP: 7/7
  3958 | D:5      | Noticed Edmund
  3969 | D:5      | Killed Edmund
  4206 | D:5      | Reached skill level 5 in Armour
  4704 | D:6      | Reached skill level 1 in Evocations
  5634 | D:6      | Reached ** piety under Ashenzari
  5904 | D:7      | Reached XP level 9. HP: 85/85 MP: 8/8
  5934 | D:7      | Identified the +7 hunting sling of Doom {venom, Fragile
                  | rPois rN+++ SInv}
  6121 | D:7      | Found a staircase to the Ecumenical Temple.
  6192 | D:7      | Found a flagged portal.
  6202 | Bailey   | Entered a bailey
  7090 | Bailey   | Reached skill level 10 in Fighting
  7181 | Bailey   | Identified the +5 bardiche "Naupuppe" {flame, Str+6}
  7184 | Bailey   | Noticed an orc knight
  7184 | Bailey   | Noticed an orc knight
  7194 | Bailey   | Killed an orc knight
  7195 | Bailey   | Reached skill level 10 in Axes
  7196 | Bailey   | Slain by an orc knight

Illustrated notes

Levels and vault maps discovered:
D:1:      nzn_arrival_depleted_hourglass, layout_basic, minmay_gold_behind_fungi
D:2:      layout_basic, basic_altar, interstate_on_off,
          kennysheep_generic_room_9, uniq_sigmund
D:3:      layout_loops_ring, nicolae_overflow_ecumenical_swirl,
          shapermc_ecumenical_altar_rom_forum
D:4:      nicolae_cairo_tiling, layout_basic, grunt_ministairs_11,
          kennysheep_another_room, chequers_arboretum, minmay_cut_off
D:5:      layout_basic, kennysheep_generic_room_8, uniq_edmund
D:6:      layout_basic
D:7:      layout_basic, minmay_temple_entry_junction, enter_bailey_7,
          ebering_ghost_disaster_area, minmay_fire_ice_demons
Bailey:   bailey_polearm_2, bailey

Skill      XL: |  1  2  3  4  5  6  7  8  9 |
---------------+----------------------------+-----
Fighting       | 5 6 7 9 10 | 10.4
Axes           | 4 5 6 7 8 10 | 10.1
Shields        | 4 5 6 7 |  7.8
Armour         | 4 5 6 |  6.9
Evocations     | 1 3 |  3.3

Action                   |  1- 3 |  4- 6 |  7- 9 || total
-------------------------+-------+-------+-------++-------
Melee: War axe           |    34 |   117 |   242 ||   393
       Headbutt          |     2 |    12 |    52 ||    66
Invok: Curse Item        |       |     1 |     3 ||     4
Evoke: Wand              |       |       |    10 ||    10
  Use: Potion            |     1 |       |     3 ||     4
       Scroll            |       |       |     2 ||     2
 Stab: Invisible         |       |       |     4 ||     4
Armor: Scale mail        |    11 |    56 |   152 ||   219
Dodge: Dodged            |    21 |    52 |   102 ||   175
Block: Buckler           |    10 |    29 |    91 ||   130

Table legend: (Time is in decaauts)
 A = Elapsed time spent in this place.
 B = Non-inter-level travel time spent in this place.
 C = Inter-level travel time spent in this place.
 D = Time resting spent in this place.
 E = Time spent auto-exploring this place.
 F = Levels seen in this place.
 G = Mean time per level.
                   A        B        C        D        E       F      G
               +--------+--------+--------+--------+--------+-----+--------+
         Total |   7267 |   6977 |    290 |    747 |   5091 |   8 |  908.4 |
       Dungeon |   6273 |   5983 |    290 |    146 |   4961 |   7 |  896.1 |
        Bailey |    993 |    993 |      0 |    601 |    130 |   1 |  993.0 |
               +--------+--------+--------+--------+--------+-----+--------+

Top non-repeatable levels by time:
     D:6: 1055 daAuts
     D:4: 1016 daAuts
  Bailey: 993 daAuts
     D:5: 975 daAuts
     D:1: 952 daAuts
     D:2: 944 daAuts
     D:3: 860 daAuts
     D:7: 468 daAuts
